 Dungeon Crawl Stone Soup version 0.21.0-24-g2553a33 (webtiles) character file.

637 sankara the Chopper (level 7, -6/66 HPs)
             Began as a Deep Dwarf Fighter on Jan 19, 2018.
             Mangled by an ogre
             ... wielding a +0 giant spiked club
              (16 damage)
             ... on level 5 of the Dungeon.
             The game lasted 00:16:19 (2907 turns).

sankara the Chopper (Deep Dwarf Fighter)            Turns: 2907, Time: 00:16:20

Health: -6/66      AC:  9    Str: 19    XL:     7   Next: 25%
Magic:  6/6        EV: 12    Int:  9    God:
Gold:   121        SH: 10    Dex: 19    Spells: 6/6 levels left

rFire    . . .     SeeInvis .   a - +1 war axe
rCold    . . .     Gourm    .   c - +0 shield
rNeg     . . .     Faith    .   b - +0 scale mail
rPois    .         Spirit   .   p - +0 helmet
rElec    .         Reflect  .   (no cloak)
rCorr    .         Harm     .   j - +0 pair of gloves (curse)
MR       +....                  (no boots)
Stlth    +.........             (no amulet)
HPRegen  0.00/turn              (no ring)
MPRegen  0.10/turn              (no ring)

@: agile, non-regenerating
A: damage resistance, heal wounds, sense surroundings 1, no regeneration
a: Heal Wounds


You were on level 5 of the Dungeon.
You were very hungry.

You visited 1 branch of the dungeon, and saw 5 of its levels.

You collected 121 gold pieces.

Inventory:

Hand Weapons
 a - a +1 war axe (weapon)
 e - a +1 vampiric dagger
 o - a +0 hand axe of chopping
Armour
 b - a +0 scale mail (worn)
 c - a +0 shield (worn)
 j - a cursed +0 pair of gloves (worn)
 p - a +0 helmet (worn)
Scrolls
 h - a scroll of enchant weapon
 l - a scroll of remove curse
 m - a scroll of magic mapping {unknown}
 q - 2 scrolls of teleportation
 s - a scroll of identify
Potions
 g - a potion of flight
 i - a potion of haste
Comestibles
 f - 8 rations


   Skills:
 + Level 4.9 Fighting
 * Level 7.4 Axes
 - Level 3.2 Armour
 - Level 3.2 Shields


You had 6 spell levels left.
You didn't know any spells.

Dungeon Overview and Level Annotations

Branches:
Dungeon (5/15)
 Temple: D:4-7

Altars:
Elyvilon
Uskayaw


Innate Abilities, Weirdness & Mutations

You are resistant to damage.
You can heal yourself by infusing magical energy.
You passively map a small area around you.
You do not regenerate.


Message History

The bullfrog skeleton hits you but does no damage.
Unknown command.
You are feeling very hungry.
You feel a little less clever now.
The bullfrog skeleton hits you but does no damage.
You feel agile all of a sudden.
You block the bullfrog skeleton's attack.
You slash the bullfrog skeleton!
The bullfrog skeleton is heavily damaged.
The bullfrog skeleton closely misses you.
You barely miss the bullfrog skeleton.
The bullfrog skeleton is heavily damaged.
You block the bullfrog skeleton's attack.
The bullfrog skeleton hits you.
* * * LOW HITPOINT WARNING * * *
You slash the bullfrog skeleton!
You destroy the bullfrog skeleton!
You hit the ogre but do no damage.
The ogre hits you with a giant spiked club!!
You die...

...#.# .........., ,
.....######.......####.#,
.....#....'............#
.....#.####.............
, .....#.# #.............
, ...<...# #............
* , ....#### #...........
, ....#### #.......###. ,
, .......# #.....@.## ,,
.......# #######O.## ,
.......########.....+
##.....#.........#..# , ,
#.....#............... *
,
#######..........#......
, .................# ,
.........###.###.#
.........., ... .


You could see an ogre.

Vanquished Creatures
  The ghost of Pawles22 the Chucker, an amateur CeHu of Okawaru (D:4)
  An ice beast (D:5)
  A scorpion (D:4)
  A hound (D:4)
  A bullfrog skeleton (D:5)
  An iguana (D:4)
  3 worker ants
  2 hound skeletons (D:4)
  Robin (D:4)
  6 adders
  An adder skeleton (D:4)
  5 worms (D:2)
  3 dart slugs
  2 leopard geckos
  2 orcs
  3 giant cockroaches
  11 hobgoblins
  7 jackals (D:4)
  3 quokkas
  11 bats
  2 frilled lizards (D:2)
  16 goblins
  5 kobolds
  4 rats
93 creatures vanquished.

Notes
Turn   | Place    | Note
-------+----------+-------------------------------------------
     0 | D:1      | sankara the Deep Dwarf Fighter began the quest for the Orb.
     0 | D:1      | Reached XP level 1. HP: 20/20 MP: 1/1
   377 | D:1      | Reached XP level 2. HP: 25/27 MP: 2/2
   443 | D:1      | Reached skill level 3 in Axes
   629 | D:2      | Reached XP level 3. HP: 25/34 MP: 3/3
   645 | D:2      | You fall through a shaft for 2 floors!
   645 | D:4      | Noticed Pawles22's ghost (amateur CeHu)
   889 | D:2      | Reached skill level 4 in Axes
  1043 | D:2      | Found a hide-covered altar of Uskayaw.
  1051 | D:2      | Reached XP level 4. HP: 17/42 MP: 4/4
  1802 | D:3      | Reached XP level 5. HP: 27/50 MP: 5/5
  1809 | D:3      | Reached skill level 5 in Axes
  2112 | D:4      | Killed Pawles22's ghost
  2112 | D:4      | Reached skill level 6 in Axes
  2112 | D:4      | Reached XP level 6. HP: 42/58 MP: 6/6
  2435 | D:4      | Noticed Robin
  2445 | D:4      | Killed Robin
  2445 | D:4      | Reached skill level 7 in Axes
  2445 | D:4      | Reached XP level 7. HP: 22/66 MP: 7/7
  2586 | D:4      | Found a white marble altar of Elyvilon.
  2851 | D:5      | Entered Level 5 of the Dungeon
  2863 | D:5      | HP: 2/66 [ice beast (13)]
  2907 | D:5      | Mangled by an ogre

Skill      XL: |  1  2  3  4  5  6 |
---------------+-------------------+-----
Axes           | 3 4 6 7 |  7.4
Fighting       | 3 4 |  4.9
Armour         | |  3.2
Shields        | |  3.2

Action                   |  1- 3 |  4- 6 |  7- 9 || total
-------------------------+-------+-------+-------++-------
Melee: War axe           |   118 |   181 |    17 ||   316
 Abil: Heal Wounds       |       |     1 |     1 ||     2
  Use: Scroll            |     3 |     4 |       ||     7
       Potion            |     3 |     5 |     3 ||    11
  Eat: Chunk             |     1 |     5 |       ||     6
Armor: Scale mail        |    70 |    75 |     6 ||   151
Dodge: Dodged            |    40 |    75 |     4 ||   119
Block: Shield            |    53 |    93 |     9 ||   155
